 Dungeon Crawl Stone Soup version 0.23.2 (webtiles) character file.

Game seed: 2502824686097955972

3181854 DireHonchkrow the Conqueror (level 27, 273/273 HPs)
             Began as a Minotaur Gladiator on Sept 9, 2019.
             Was the Champion of Okawaru.
             Escaped with the Orb
             ... and 5 runes on Sept 10, 2019!
             The game lasted 06:19:53 (76098 turns).

DireHonchkrow the Conqueror (Minotaur Gladiator)   Turns: 76098, Time: 06:19:54

Health: 273/273    AC: 49    Str: 31    XL:     27
Magic:  38/38      EV: 31    Int:  6    God:    Okawaru [******]
Gold:   6999       SH: 21    Dex: 19    Spells: 26/26 levels left

rFire    + + +     SeeInvis +   A - +6 broad axe "Tuzinke" {speed, SInv}
rCold    + + +     Gourm    .   B - +2 shield {AC+3}
rNeg     + . .     Faith    .   m - +10 gold dragon scales
rPois    +         Spirit   .   y - +0 hat of the Barber Surgeon {Regen+ Dex+3 Slay+4}
rElec    +         Reflect  +   l - +1 cloak of Starlight {rElec rC+ EV+4 Stlth--}
rCorr    +         Harm     .   h - +0 pair of gloves of the Evening Star {Dex+3 Slay+2}
MR       ++++.                  p - +0 pair of boots of Snakes and Ladders {rF++ Dex-3}
Stlth    ..........             S - amulet of the Ant {Reflect rC+ MR+ SH+4}
HPRegen  0.95/turn              x - ring of the Coward {rN+ MR+ Str+2 Dex+2}
MPRegen  0.26/turn              U - ring of resist corrosion

@: no status effects
A: retaliatory headbutt, hooves 1, horns 2, icy blue scales 1, cold resistance
2, subdued magic 1, sturdy frame 1
0: Orb of Zot
}: 5/15 runes: decaying, serpentine, slimy, silver, abyssal
a: Heroism, Finesse, Renounce Religion


You escaped.
You worshipped Okawaru.
Okawaru was exalted by your worship.
You were full.

You visited 12 branches of the dungeon, and saw 58 of its levels.
You visited the Abyss 2 times.

You collected 10537 gold pieces.
You spent 3538 gold pieces at shops.

Inventory:

Hand Weapons
 A - the +6 broad axe "Tuzinke" (weapon) {speed, SInv}
   (Okawaru gifted it to you on level 3 of the Depths)

   Attacks with this weapon are significantly faster.
   It lets you see invisible.
Missiles
 d - 11 throwing nets
 i - 7 silver tomahawks
 G - 84 tomahawks
 R - 5 steel tomahawks
 W - 12 tomahawks of returning (quivered)
Armour
 h - the +0 pair of gloves of the Evening Star (worn) {Dex+3 Slay+2}
   (Okawaru gifted it to you on level 5 of the Lair of Beasts)

   It affects your dexterity (+3).
   It affects your accuracy and damage with ranged weapons and melee attacks
   (+2).
 l - the +1 cloak of Starlight (worn) {rElec rC+ EV+4 Stlth--}
   (You acquired it on level 6 of the Lair of Beasts)

   It affects your evasion (+4).
   It protects you from cold.
   It insulates you from electricity.
   It makes you much less stealthy.
 m - +10 gold dragon scales (worn)
 p - the +0 pair of boots of Snakes and Ladders (worn) {rF++ Dex-3}
   (You bought it in a shop on level 9 of the Dungeon)

   It affects your dexterity (-3).
   It greatly protects you from fire.
 y - the +0 hat of the Barber Surgeon (worn) {Regen+ Dex+3 Slay+4}
   (Okawaru gifted it to you on level 1 of the Realm of Zot)

   It affects your dexterity (+3).
   It affects your accuracy and damage with ranged weapons and melee attacks
   (+4).
   It increases your rate of regeneration.
 B - a +2 shield of protection (worn)
Jewellery
 a - an uncursed ring of protection from cold
 x - the ring of the Coward (left hand) {rN+ MR+ Str+2 Dex+2}
   (You took it off a deep elf sorcerer on level 5 of the Vaults)

   [ring of positive energy]

   It affects your strength (+2).
   It affects your dexterity (+2).
   It protects you from negative energy.
   It affects your resistance to hostile enchantments.
 S - the amulet of the Ant (around neck) {Reflect rC+ MR+ SH+4}
   (You took it off a vault sentinel on level 2 of the Vaults)

   [amulet of reflection]

   It shields you and reflects attacks.
   It protects you from cold.
   It affects your resistance to hostile enchantments.
   It affects your SH (+4).
 U - a ring of resist corrosion (right hand)
Wands
 n - a wand of digging (10)
 P - a wand of acid (85)
Scrolls
 g - 2 scrolls of vulnerability
 j - 3 scrolls of summoning
 q - 6 scrolls of noise
 t - 8 scrolls of enchant weapon
 u - 28 scrolls of remove curse
 v - 11 scrolls of fear
 w - 17 scrolls of teleportation
 z - 5 scrolls of identify
 C - 4 scrolls of blinking
 F - 8 scrolls of immolation
 H - 5 scrolls of magic mapping
 K - 2 scrolls of holy word
 M - 7 scrolls of fog
Potions
 k - 22 potions of curing
 o - 9 potions of mutation
 r - 3 potions of brilliance
 s - 2 potions of cancellation
 E - 4 potions of berserk rage
 I - 3 potions of agility
 J - 12 potions of flight
 L - 2 potions of magic
 O - a potion of resistance
 T - 3 potions of invisibility
 V - a potion of might
 X - 3 potions of lignification
 Y - a potion of ambrosia
Comestibles
 f - 75 rations


   Skills:
 O Level 27 Fighting
 - Level 18.0 Axes
   Level 1.0(12.2) Maces & Flails
 - Level 2.0 Throwing
 O Level 27 Armour
 O Level 27 Dodging
 + Level 12.2 Stealth
 - Level 15.0 Shields
 + Level 25.3 Invocations
 + Level 17.0 Evocations


You had 26 spell levels left.
You didn't know any spells.
Your spell library contained the following spells:

 Spells                   Type           Power        Failure   Level  Hunger
 Animate Skeleton         Necr           N/A          86%         1    ##.....
 Apportation              Tloc           #.....       86%         1    ##.....
 Beastly Appendage        Tmut           #.....       86%         1    ##.....
 Confusing Touch          Hex            #.....       86%         1    ##.....
 Corona                   Hex            #......      86%         1    ##.....
 Flame Tongue             Conj/Fire      #....        86%         1    ##.....
 Magic Dart               Conj           #...         86%         1    ##.....
 Pain                     Necr           #...         86%         1    ##.....
 Sandblast                Erth           #.....       86%         1    ##.....
 Shock                    Conj/Air       #...         86%         1    ##.....
 Sting                    Conj/Pois      #...         86%         1    ##.....
 Summon Butterflies       Summ           #.......     86%         1    ##.....
 Summon Small Mammal      Summ           #...         86%         1    ##.....
 Blink                    Tloc           N/A          95%         2    ###....
 Call Imp                 Summ           #.......     95%         2    ###....
 Corpse Rot               Necr           N/A          95%         2    ###....
 Ensorcelled Hibernation  Hex/Ice        #.....       95%         2    ###....
 Passwall                 Tmut/Erth      #.......     95%         2    ###....
 Poisonous Vapours        Pois/Air       #.....       95%         2    ###....
 Searing Ray              Conj           #.....       95%         2    ###....
 Slow                     Hex            #.......     95%         2    ###....
 Sticks to Snakes         Tmut           #.......     95%         2    ###....
 Sublimation of Blood     Necr           #.........   95%         2    ###....
 Swiftness                Chrm/Air       #.......     95%         2    ###....
 Throw Flame              Conj/Fire      #.....       95%         2    ###....
 Call Canine Familiar     Summ           #.......     99%         3    ####...
 Conjure Flame            Conj/Fire      #.......     99%         3    ####...
 Dazzling Spray           Conj/Hex       #.....       99%         3    ####...
 Ignite Poison            Fire/Tmut/Pois #.......     99%         3    ####...
 Inner Flame              Hex/Fire       #.......     99%         3    ####...
 Lesser Beckoning         Tloc           #.........   99%         3    ####...
 Mephitic Cloud           Conj/Pois/Air  #.......     99%         3    ####...
 Ozocubu's Armour         Chrm/Ice       #.......     99%         3    ####...
 Portal Projectile        Hex/Tloc       #.....       99%         3    ####...
 Recall                   Summ/Tloc      N/A          99%         3    ####...
 Regeneration             Chrm/Necr      #.........   99%         3    ####...
 Spider Form              Tmut/Pois      #.........   99%         3    ####...
 Static Discharge         Conj/Air       #.......     99%         3    ####...
 Stone Arrow              Conj/Erth      #.....       99%         3    ####...
 Summon Guardian Golem    Hex/Summ       #.......     99%         3    ####...
 Tukima's Dance           Hex            #.......     99%         3    ####...
 Vampiric Draining        Necr           #.........   99%         3    ####...
 Airstrike                Air            #.........   100%        4    #####..
 Animate Dead             Necr           N/A          100%        4    #####..
 Cause Fear               Hex            #.........   100%        4    #####..
 Force Lance              Conj/Tloc      #.......     100%        4    #####..
 Fulminant Prism          Conj/Hex       #.........   100%        4    #####..
 Ice Form                 Ice/Tmut       #.......     100%        4    #####..
 Iskenderun's Mystic Bla  Conj           #.......     100%        4    #####..
 Leda's Liquefaction      Hex/Erth       #.........   100%        4    #####..
 Sticky Flame             Conj/Fire      #.......     100%        4    #####..
 Summon Ice Beast         Ice/Summ       #.......     100%        4    #####..
 Summon Lightning Spire   Summ/Air       #.......     100%        4    #####..
 Throw Icicle             Conj/Ice       #.......     100%        4    #####..
 Alistair's Intoxication  Tmut/Pois      #.......     100%        5    ######.
 Aura of Abjuration       Summ           #.........   100%        5    ######.
 Blade Hands              Tmut           #.........   100%        5    ######.
 Bolt of Magma            Conj/Fire/Erth #.........   100%        5    ######.
 Borgnjor's Vile Clutch   Necr/Erth      #.........   100%        5    ######.
 Fireball                 Conj/Fire      #.........   100%        5    ######.
 Irradiate                Conj/Tmut      #.........   100%        5    ######.
 Iskenderun's Battlesphe  Conj/Chrm      #.......     100%        5    ######.
 Lee's Rapid Deconstruct  Erth           #.........   100%        5    ######.
 Lightning Bolt           Conj/Air       #.........   100%        5    ######.
 Metabolic Englaciation   Hex/Ice        #.........   100%        5    ######.
 Silence                  Hex/Air        #.........   100%        5    ######.
 Summon Demon             Summ           #.........   100%        5    ######.
 Summon Forest            Summ/Tloc      #.........   100%        5    ######.
 Summon Mana Viper        Hex/Summ       #.......     100%        5    ######.
 Bolt of Cold             Conj/Ice       #.........   100%        6    #######
 Conjure Ball Lightning   Conj/Air       #.........   100%        6    #######
 Darkness                 Hex            #.........   100%        6    #######
 Death Channel            Necr           #.........   100%        6    #######
 Deflect Missiles         Chrm/Air       #.........   100%        6    #######
 Freezing Cloud           Conj/Ice/Air   #.........   100%        6    #######
 Hydra Form               Tmut           #.........   100%        6    #######
 Invisibility             Hex            #.......     100%        6    #######
 Iron Shot                Conj/Erth      #.........   100%        6    #######
 Ozocubu's Refrigeration  Ice            #.........   100%        6    #######
 Shadow Creatures         Summ           N/A          100%        6    #######
 Simulacrum               Ice/Necr       #.........   100%        6    #######
 Statue Form              Tmut/Erth      #........    100%        6    #######
 Dragon Form              Tmut           #.........   100%        7    #######
 Haunt                    Necr/Summ      #.........   100%        7    #######
 Malign Gateway           Summ/Tloc      #.........   100%        7    #######
 Ring of Flames           Chrm/Fire      #.........   100%        7    #######
 Summon Hydra             Summ           #.........   100%        7    #######
 Ignition                 Fire           #.........   100%        8    #######
 Shatter                  Erth           #.........   100%        9    #######
 Tornado                  Air            #.........   100%        9    #######
 Passage of Golubria      Tloc           Unusable     N/A         4    N/A

Dungeon Overview and Level Annotations

Branches:
Dungeon (15/15)            Temple (1/1) D:6            Lair (6/6) D:10
  Swamp (4/4) Lair:2        Snake (4/4) Lair:2        Slime (5/5) Lair:5
    Orc (2/2) D:12            Elf (3/3) Orc:2        Vaults (5/5) D:13
  Crypt (3/3) Vaults:2       Tomb (0/3) Crypt:3      Depths (5/5) D:15
    Zot (5/5) Depths:5

Altars:
Ashenzari
Cheibriados
Dithmenos
Elyvilon
Fedhas
Gozag
Hepliaklqana
Kikubaaqudgha
Makhleb
Nemelex Xobeh
Okawaru
Qazlal
Ru
Sif Muna
Trog
Uskayaw
Vehumet
Wu Jian
Xom
Yredelemnul
Zin
The Shining One
Beogh
Jiyva

Shops:
D:6 *   D:9 (%*[   Orc:1 =   Orc:2 [*!(}   Elf:2 }   Elf:3 %   Vaults:2 !=
Depths:3 [

Portals:
Hell: Depths:1 Depths:2 Depths:3 Depths:4 Depths:5
Abyss: Depths:4
Pandemonium: Orc:2 Depths:1 Depths:3
Ziggurat: Depths:4

Annotations:
Depths:5 2 runed translucent doors
Zot:2 1 runed translucent door, Ussiog's ghost, veteran MiMo
Zot:5 1 exclusion


Innate Abilities, Weirdness & Mutations

You reflexively headbutt those who attack you in melee.
You have a pair of horns on your head.
You have large cloven feet.
You are partially covered in icy blue scales. (AC +2)
Your flesh is very cold resistant. (rC++)
Your spells are a little easier to cast, but a little less powerful.
Your movements are slightly less encumbered by armour. (ER -2)


Message History

The hell hog is heavily wounded.
You carve the hell hog like the proverbial ham!!!
You kill the hell hog!
Okawaru accepts your kill. You block the hell hog's attack.
You see here a hell hog corpse.
You closely miss the hell hog. You headbutt the hell hog.
The hell hog is lightly wounded.
You block the hell hog's attack.
You slash the hell hog! You headbutt the hell hog!
The hell hog is heavily wounded.
The hell hog closely misses you. You furiously retaliate!
You headbutt the hell hog! You slice the hell hog!!
You kill the hell hog!
Okawaru accepts your kill.
You see here a hell hog corpse.
There is a staircase leading out of the dungeon here.
You can't go down here!
You have escaped!

#.#####♣♣.......♣♣.....
#.# ♣♣.♣♣♣♣♣♣♣.♣♣....
#.###♣♣.♣♣†....♣♣.♣♣...
####....♣.♣♣.♣♣♣♣♣.♣♣.♣.##
#....##..♣♣†♣♣...♣♣.♣.♣.#
#.#####..♣†♣♣.♣♣♣.♣.♣.♣♣##
#.# #..♣♣.♣.♣♣8♣.♣.♣.8♣..
#.# #..♣..♣.♣....♣.♣.♣♣##
#># #..♣@♣♣.♣.♣8♣♣.♣.♣ #.#
##.♣♣♣.♣♣.♣♣♣.♣♣.♣ #.#
#.♣♣8.♣8....♣♣.♣♣# #.#
#..♣♣.♣♣♣♣♣♣♣.♣♣.# #.#
#.##♣♣.......♣♣#.###
#.#####....♣♣♣♣8♣♣♣♣#...#.
#.............♣♣♣.........
#######.####### #####...##
#.# ##.##


There were no monsters in sight!

Vanquished Creatures
  the Royal Jelly (Slime:5)
  A seraph (D:8)
  10 ancient liches
  4 orbs of fire (Zot:5)
  3 juggernauts
  Mara (Swamp:3)
  Khufu (Crypt:1)
  2 greater mummies
  Sojobo (Vaults:5)
  Boris (thrice) (Vaults:4 Crypt:1)
  4 Killer Klowns (Zot:5)
  Bai Suzhen (Swamp:3)
  Saint Roka (Depths:3)
  Vashnia (Snake:2)
  2 caustic shrikes
  Frederick (Vaults:4)
  Xtahua (Vaults:3)
  4 curse toes
  The ghost of Caat Rau the Warrior, an adept DgCj (Depths:3)
  9 golden dragons
  15 bone dragons
  Jory (Vaults:4)
  3 profane servitors
  2 hellephants (Abyss:4)
  4 electric golems
  An Ice Fiend (D:8)
  A Brimstone Fiend (D:3)
  6 deep elf blademasters (Elf:3)
  6 liches
  The ghost of Xafer the Impaler, an adept DsGl of Okawaru (Vaults:2)
  18 tentacled monstrosities
  28 Orb Guardians
  3 Hell Sentinels
  8 quicksilver dragons
  Asterion (D:15)
  9 titans
  27 acid blobs
  The ghost of Akuuror the Warrior, an adept GrFi of Okawaru (Snake:1)
  3 deep elf master archers (Elf:3)
  Gastronok (D:10)
  Frances (D:12)
  2 Executioners (Abyss:3)
  15 death cobs
  5 shadow dragons
  21 tentacled starspawn
  7 sphinxes
  3 ancient champions
  14 tengu reavers
  13 storm dragons
  2 thorn hunters
  4 draconian monks
  Kirke (Snake:4)
  12 azure jellies
  8 nagarajas
  A daeva (D:8)
  5 revenants
  2 cacodemons
  9 deep elf sorcerers
  10 frost giants
  A balrug (Abyss:3)
  2 angels
  3 iron dragons (Vaults:5)
  3 draconian scorchers
  11 vault wardens
  12 fire giants
  5 ghost moths
  3 draconian knights
  2 orc warlords (Vaults:2)
  4 draconian annihilators
  9 draconian shifters
  4 curse skulls
  3 deep elf elementalists
  14 ghouls
  12 ironheart preservers
  4 war gargoyles
  An entropy weaver (shapeshifter) (Depths:2)
  3 reapers
  7 draconian stormcallers
  4 entropy weavers
  23 very ugly things
  5 vampire knights
  6 yellow draconians
  29 stone giants
  Nessos (D:13)
  6 black draconians
  2 deep elf demonologists
  11 red draconians
  15 purple draconians
  8 deep elf annihilators
  2 lorocyprocas
  10 green draconians
  8 white draconians
  5 spark wasps
  5 dire elephants (Abyss:4)
  2 blizzard demons
  20 ettins
  A minotaur (shapeshifter) (Depths:5)
  A spark wasp (shapeshifter) (Depths:1)
  15 crystal guardians
  10 deep elf death magi
  10 mummy priests
  6 jiangshi
  12 death oozes
  7 eidola
  19 yaktaur captains
  2 green deaths (Abyss:1)
  3 deep elf high priests
  19 fire dragons
  The ghost of Taxman66 the Cleaver, a journeyman HOFi of Beogh (D:11)
  Fannar (Lair:3)
  21 ogre magi
  31 vault guards
  11 ice dragons
  12 great orbs of eyes
  A hydra (shapeshifter) (Depths:4)
  Harold (Lair:2)
  10 anacondas
  3 spriggan air magi
  9 centaur warriors
  A hell beast (Depths:2)
  6 rakshasas
  19 hydras
  19 naga warriors
  3 catoblepae
  A catoblepas (shapeshifter) (Depths:4)
  50 two-headed ogres
  3 shambling mangroves
  41 dancing weapons
  2 ghost crabs (Swamp:4)
  10 death yaks
  2 death yaks (shapeshifter) (Depths:4)
  2 death knights
  4 tengu warriors
  10 deep troll shamans
  3 hell hogs (D:1)
  9 vampire magi
  A spriggan berserker (Depths:3)
  3 alligators
  17 deep troll earth magi
  4 orc high priests
  11 naga sharpshooters
  Sonja (Lair:6)
  Urug (D:11)
  42 small abominations
  34 thrashing horrors
  19 hell knights
  6 shock serpents
  2 storm dragon zombies
  A titan zombie (Crypt:2)
  3 sun demons
  A fire crab (shapeshifter) (Depths:4)
  2 soul eaters
  5 iron trolls (Depths:3)
  A fire crab (Swamp:4)
  32 wretched stars
  A deep troll (shapeshifter) (Vaults:5)
  13 spatial maelstroms
  A titan skeleton (Abyss:3)
  18 deep elf knights
  8 sixfirhies
  3 sea snakes (Snake:3)
  6 unseen horrors
  9 skeletal warriors
  3 death drakes
  8 shadow wraiths
  2 torturous demonspawn (Orc:2)
  18 glowing orange brains
  9 naga ritualists
  24 deep trolls
  A quicksilver dragon simulacrum (Abyss:3)
  A salamander mystic (Snake:3)
  8 swamp dragons
  A shadow dragon zombie (Crypt:1)
  2 obsidian statues (Depths:4)
  A gelid demonspawn (Orc:2)
  13 phantasmal warriors
  An orange crystal statue (Depths:4)
  5 wizards
  13 deep elf archers
  16 ironbrand convokers
  6 flayed ghosts
  11 necromancers
  3 harpies (shapeshifter)
  5 oklob plants
  5 wolf spiders
  2 anaconda skeletons
  11 harpies
  70 deep elf magi
  2 wolf spiders (shapeshifter)
  13 orc sorcerers
  An orb spider (shapeshifter) (Vaults:4)
  20 orc knights
  A stone giant zombie (Depths:2)
  3 lindwurms
  8 mana vipers
  9 shining eyes
  A fire giant zombie (Depths:2)
  6 worldbinders
  An iron dragon zombie (Abyss:3)
  55 ugly things
  16 salamanders
  An orb spider (Abyss:2)
  2 mana vipers (shapeshifter) (Depths:4)
  10 cyclopes
  2 manticores
  56 large abominations
  13 elephants
  37 moths of wrath
  2 centaur zombies
  27 naga magi
  4 apocalypse crabs
  A stone giant skeleton (Crypt:1)
  48 black mambas
  2 eyes of devastation (shapeshifter)
  A torpor snail (shapeshifter) (Vaults:4)
  4 eyes of devastation
  15 spiny frogs
  5 gargoyles
  5 guardian serpents
  A shock serpent zombie (Crypt:2)
  18 vault sentinels
  5 orange demons
  18 smoke demons
  A green draconian zombie (Crypt:2)
  7 rust devils
  3 centaur skeletons
  A death yak zombie (Crypt:2)
  A spiny frog (shapeshifter) (Depths:4)
  3 molten gargoyles
  A black draconian zombie (Crypt:3)
  A kobold demonologist (Abyss:1)
  A yaktaur (shapeshifter) (Vaults:4)
  3 hellions
  A dire elephant skeleton (Crypt:3)
  A grey draconian skeleton (Crypt:2)
  2 ice devils
  A rime drake (Lair:6)
  2 efreet
  11 freezing wraiths
  48 yaktaurs
  A green draconian skeleton (Crypt:1)
  A red draconian skeleton (Crypt:2)
  7 hellwings
  12 komodo dragons
  A demonic crawler (Abyss:1)
  4 tengu conjurers
  20 ancient zymes
  36 guardian mummies
  4 red devils
  A queen bee (Lair:5)
  11 trolls
  2 wind drakes (Depths:4)
  16 hornets
  2 polar bears (shapeshifter)
  25 bog bodies
  Grinder (D:6)
  6 meliai
  9 tyrant leeches
  A harpy skeleton (Crypt:3)
  A meliai (shapeshifter) (Depths:1)
  2 polar bears
  2 jumping spiders (Vaults:4)
  2 shadow dragon simulacra
  114 slime creatures
  34 raiju
  2 raiju (shapeshifter)
  34 blink frogs
  2 fire dragon zombies
  2 meliai zombies
  5 air elementals
  A dream sheep (shapeshifter) (Vaults:5)
  6 dream sheep (Lair:6)
  7 hippogriffs
  11 flying skulls
  A fire dragon skeleton (Abyss:3)
  2 spriggans (shapeshifter)
  4 spriggans
  A spriggan skeleton (Depths:2)
  A wyvern (shapeshifter) (Vaults:5)
  9 wraiths
  9 shadows
  79 starcursed masses
  A tarantella (Vaults:5)
  2 vampires (D:14)
  2 ettin skeletons (Crypt:1)
  7 redbacks
  16 humans (D:13)
  28 yaks
  A guardian serpent skeleton (Crypt:1)
  A hog (shapeshifter) (Abyss:4)
  4 wyverns
  13 water elementals
  15 ynoxinuls
  A human (shapeshifter) (Vaults:3)
  A basilisk (shapeshifter) (Depths:3)
  6 fire elementals
  11 fire bats
  13 golden eyes
  4 steam dragons
  12 chaos spawn
  Eustachio (D:6)
  5 ushabtiu (Crypt:3)
  2 elf skeletons
  Grum (D:11)
  2 hungry ghosts
  4 basilisks
  A wind drake skeleton (Crypt:1)
  15 neqoxecs
  4 wargs
  Edmund (D:6)
  A monstrous demonspawn zombie (Crypt:1)
  14 vampire mosquitoes
  19 spatial vortices
  22 swamp worms
  11 insubstantial wisps
  A warg (shapeshifter) (Vaults:5)
  2 soldier ants (D:10)
  2 soldier ants (shapeshifter)
  5 hell hounds
  4 acid dragons
  68 nagas
  16 water moccasins
  16 swamp drakes
  A floating eye (shapeshifter) (Vaults:2)
  Duvessa (D:6)
  A hydra simulacrum (Abyss:4)
  A water nymph skeleton (Crypt:1)
  6 porcupines
  55 orc warriors
  10 sky beasts
  2 spriggan simulacra
  3 black bears
  5 ice beasts
  8 eyes of draining
  2 black bears (shapeshifter)
  3 snapping turtle zombies
  An ettin simulacrum (Abyss:3)
  42 ogres
  A manticore zombie (Abyss:3)
  4 phantoms
  9 boggarts
  7 necrophages
  4 centaurs
  13 wolves
  A lindwurm skeleton (Crypt:3)
  13 crocodiles
  5 big kobolds
  A salamander zombie (Crypt:2)
  A draconian zombie (Crypt:1)
  An elf zombie (Crypt:3)
  13 bullfrogs
  A yaktaur zombie (Crypt:3)
  A gnoll sergeant (D:6)
  An ogre simulacrum (Vaults:1)
  A water moccasin zombie (D:9)
  A glowing shapeshifter simulacrum (Depths:2)
  12 earth elementals
  Dowan (D:6)
  A water moccasin skeleton (Crypt:2)
  A scorpion (shapeshifter) (Depths:4)
  3 troll zombies (Swamp:2)
  2 scorpions (D:14)
  30 killer bees
  A troll skeleton (Crypt:2)
  6 wights
  2 human simulacra
  2 electric eels
  A howler monkey (D:8)
  5 lava snakes (Lair:6)
  3 bullfrog zombies
  5 crimson imps
  An elf simulacrum (Abyss:3)
  4 jellies
  3 quasits
  4 hounds
  25 orc priests
  A wyvern simulacrum (D:14)
  A basilisk skeleton (Crypt:2)
  6 iron imps
  2 bullfrog skeletons (D:7)
  An iguana (D:6)
  24 orc wizards
  10 worker ants
  Natasha (twice) (D:2)
  A crocodile skeleton (Crypt:3)
  2 hound skeletons
  An acid dragon skeleton (Crypt:1)
  6 mummies (Crypt:3)
  10 gnolls
  11 adders
  A river rat (Lair:1)
  7 shadow imps
  7 white imps
  12 ufetubi
  An iguana zombie (Crypt:1)
  An adder skeleton (D:8)
  An adder zombie (D:8)
  7 worms
  A ball lightning (Depths:4)
  4 dart slugs
  5 leopard geckos
  113 orcs
  17 giant cockroaches
  2 goblins (D:2)
  9 hobgoblins
  4 jackals (D:2)
  18 kobolds
  7 quokkas
  3 bats (D:1)
  6 frilled lizards
  A jackal skeleton (D:6)
  A kobold skeleton (Crypt:3)
  A leopard gecko skeleton (D:5)
  A quokka zombie (D:5)
  9 rats
  3 briar patches (Swamp:3)
  4 bushes (Abyss:3)
  4 crawling corpses
  4 demonic plants (Abyss:3)
  7 fungi
  4 lurking horrors
  8 plants
  15 starspawn tentacles
3510 creatures vanquished.

Vanquished Creatures (others)
  A deep elf master archer (Elf:3)
  Aizul (Snake:4)
  5 stone giants
  A very ugly thing (Depths:4)
  A purple draconian (Zot:4)
  A yaktaur captain (Depths:1)
  A centaur warrior (Depths:1)
  A hell hog (Abyss:3)
  A thrashing horror (Abyss:3)
  A spriggan druid (Swamp:4)
  A glowing orange brain (Depths:4)
  2 swamp dragons (Swamp:4)
  A lindwurm (Swamp:4)
  2 deep elf magi
  A salamander (Depths:1)
  15 yaktaurs
  A slime creature (Slime:1)
  7 humans (Snake:4)
  A swamp worm (Swamp:4)
  4 insubstantial wisps
  6 swamp drakes (Swamp:4)
  A human skeleton (Depths:1)
  A starcursed mass (Abyss:3)
  11 ball lightnings (Depths:4)
  2 briar patches (Swamp:3)
  A bush (Abyss:1)
  6 fungi
  4 lurking horrors
  10 plants
  35 starspawn tentacles
  2 withered plants (Crypt:2)
128 creatures vanquished.

Grand Total: 3638 creatures vanquished

Notes
Turn   | Place    | Note
-------+----------+-------------------------------------------
     0 | D:1      | DireHonchkrow the Minotaur Gladiator began the quest for
                  | the Orb.
     0 | D:1      | Reached XP level 1. HP: 18/18 MP: 0/0
   241 | D:1      | Reached XP level 2. HP: 21/25 MP: 1/1
   764 | D:2      | Reached skill level 5 in Axes
   778 | D:2      | Reached XP level 3. HP: 28/30 MP: 2/2
   983 | D:2      | Reached skill level 1 in Armour
  1053 | D:2      | Found a shimmering altar of Xom.
  1053 | D:2      | Found an opulent altar of Gozag.
  1058 | D:2      | Found a hazy altar of Hepliaklqana.
  1062 | D:2      | Found a faded altar of an unknown god.
  1064 | D:2      | Found a faded altar of an unknown god.
  1222 | D:2      | Reached XP level 4. HP: 35/37 MP: 3/3
  1343 | D:2      | Noticed Natasha
  1346 | D:2      | Killed Natasha
  1351 | D:2      | Found an iron altar of Okawaru.
  1355 | D:2      | Became a worshipper of Warmaster Okawaru
  1644 | D:2      | Noticed Natasha
  1652 | D:2      | Killed Natasha
  1720 | D:3      | Reached XP level 5. HP: 39/42 MP: 4/4
  2071 | D:3      | You fall through a shaft!
  2526 | D:4      | Found a transporter.
  2543 | D:4      | Noticed a fire bat
  2546 | D:4      | Noticed a fire bat
  2594 | D:4      | Found a transporter.
  2608 | D:4      | Noticed an ogre
  2618 | D:4      | Killed an ogre
  2618 | D:4      | Reached XP level 6. HP: 45/50 MP: 5/5
  2660 | D:4      | Found a glowing silver altar of Zin.
  2661 | D:4      | Found a burning altar of Makhleb.
  2662 | D:4      | Noticed an angel
  2664 | D:4      | Noticed a green death
  2713 | D:4      | Reached * piety under Okawaru
  2713 | D:4      | Reached XP level 7. HP: 56/56 MP: 6/6
  2821 | D:4      | Found a shadowy altar of Dithmenos.
  3176 | D:5      | Entered Level 5 of the Dungeon
  3316 | D:4      | Killed a fire bat
  3316 | D:4      | Reached skill level 5 in Armour
  3321 | D:4      | Killed a fire bat
  3321 | D:4      | Reached ** piety under Okawaru
  3586 | D:5      | Reached XP level 8. HP: 43/62 MP: 7/7
  3725 | D:5      | Reached skill level 10 in Axes
  3869 | D:5      | Gained mutation: You are partially covered in slimy green
                  | scales. (AC +2) [potion of mutation]
  3869 | D:5      | Gained mutation: Scrolls take you a little longer to read.
                  | [potion of mutation]
  3869 | D:5      | Gained mutation: Your muscles are strong. (Str +2) [potion
                  | of mutation]
  3870 | D:5      | Lost mutation: Your muscles are strong. (Str +2) [potion of
                  | mutation]
  3870 | D:5      | Lost mutation: Scrolls take you a little longer to read.
                  | [potion of mutation]
  3870 | D:5      | Gained mutation: Your muscles are strong. (Str +2) [potion
                  | of mutation]
  3870 | D:5      | Gained mutation: Scrolls take you a little longer to read.
                  | [potion of mutation]
  3870 | D:5      | Gained mutation: You occasionally shout uncontrollably at
                  | your foes. [potion of mutation]
  3870 | D:5      | Gained mutation: Your movements are slightly less
                  | encumbered by armour. (ER -2) [potion of mutation]
  3871 | D:5      | Lost mutation: Your muscles are strong. (Str +2) [potion of
                  | mutation]
  3871 | D:5      | Lost mutation: Scrolls take you a little longer to read.
                  | [potion of mutation]
  3871 | D:5      | Lost mutation: Your movements are slightly less encumbered
                  | by armour. (ER -2) [potion of mutation]
  3871 | D:5      | Gained mutation: You tend to lose your temper in combat.
                  | [potion of mutation]
  3871 | D:5      | Gained mutation: Your mind is acute. (Int +2) [potion of
                  | mutation]
  3872 | D:5      | Lost mutation: You tend to lose your temper in combat.
                  | [potion of mutation]
  3872 | D:5      | Lost mutation: You occasionally shout uncontrollably at
                  | your foes. [potion of mutation]
  3872 | D:5      | Lost mutation: Your mind is acute. (Int +2) [potion of
                  | mutation]
  3872 | D:5      | Gained mutation: Your magical capacity is low. (-10% MP)
                  | [potion of mutation]
  3872 | D:5      | Gained mutation: Scrolls take you a little longer to read.
                  | [potion of mutation]
  3872 | D:5      | Gained mutation: You are agile. (Dex +2) [potion of
                  | mutation]
  3896 | D:6      | Noticed Eustachio
  3916 | D:6      | Killed Eustachio
  3920 | D:6      | Reached *** piety under Okawaru
  3948 | D:6      | Noticed Duvessa
  3949 | D:6      | Noticed Grinder
  3954 | D:6      | Noticed Dowan
  4028 | D:6      | Found a stormy altar of Qazlal.
  4089 | D:6      | Killed Duvessa
  4091 | D:6      | Killed Dowan
  4098 | D:6      | Reached XP level 9. HP: 44/68 MP: 5/7
  4260 | D:6      | Found a radiant altar of Vehumet.
  4377 | D:6      | Killed Grinder
  4396 | D:6      | Found Xigyt's General Store.
  4402 | D:6      | Bought a scroll of enchant armour for 82 gold pieces
  4402 | D:6      | Bought a scroll of identify for 22 gold pieces
  4402 | D:6      | Bought a potion of flight for 33 gold pieces
  4402 | D:6      | Bought a potion of agility for 44 gold pieces
  4402 | D:6      | Bought a scroll of identify for 22 gold pieces
  4627 | D:6      | Noticed Edmund
  4637 | D:6      | Killed Edmund
  4637 | D:6      | Reached **** piety under Okawaru
  4812 | D:6      | Found a staircase to the Ecumenical Temple.
  4823 | Temple   | Entered the Ecumenical Temple
  5368 | D:7      | Lost mutation: Scrolls take you a little longer to read.
                  | [potion of mutation]
  5368 | D:7      | Lost mutation: Your magical capacity is low. (-10% MP)
                  | [potion of mutation]
  5368 | D:7      | Lost mutation: You are partially covered in slimy green
                  | scales. (AC +2) [potion of mutation]
  5368 | D:7      | Gained mutation: You can translocate small distances at
                  | will. [potion of mutation]
  5368 | D:7      | Gained mutation: You tend to lose your temper in combat.
                  | [potion of mutation]
  5368 | D:7      | Gained mutation: You are robust. (+10% HP) [potion of
                  | mutation]
  5607 | D:8      | Noticed a two-headed ogre
  5714 | D:8      | Got a twisted mace
  6045 | D:8      | Killed a two-headed ogre
  6045 | D:8      | Reached XP level 10. HP: 65/81 MP: 6/9
  6102 | D:8      | Identified a scroll of acquirement
  6103 | D:8      | Identified the +11 mace of Fatigue {distort, rPois Int+5}
                  | (You found it on level 8 of the Dungeon)
  6143 | D:9      | Found Quyckeeg's Antique Weapon Boutique.
  6181 | D:9      | Found Miudwoli's Food Emporium.
  6186 | D:9      | Reached skill level 10 in Armour
  6268 | D:9      | Reached ***** piety under Okawaru
  6339 | D:9      | Received a gift from Okawaru
  6436 | D:9      | Found a bloodstained altar of Trog.
  6438 | D:9      | Found a deep blue altar of Sif Muna.
  6446 | D:9      | Found Gaott's Antique Armour Boutique.
  6450 | D:9      | Bought a pair of heavily runed boots for 209 gold pieces
  6450 | D:9      | Identified the cursed +0 pair of boots of Snakes and
                  | Ladders {rF++ Dex-3} (You bought it in a shop on level 9 of
                  | the Dungeon)
  6486 | D:9      | Found Mesen's Assorted Antiques.
  6695 | D:9      | Received a gift from Okawaru
  6699 | D:9      | Reached skill level 5 in Fighting
  6722 | D:9      | Identified a +1 pair of boots of running (Okawaru gifted it
                  | to you on level 9 of the Dungeon)
  6840 | D:10     | Entered Level 10 of the Dungeon
  6879 | D:10     | Noticed Gastronok
  6911 | D:10     | Killed Gastronok
  6911 | D:10     | Reached skill level 15 in Axes
  6913 | D:10     | Reached XP level 11. HP: 94/100 MP: 10/10
  6934 | D:10     | Found a snail-covered altar of Cheibriados.
  7096 | D:10     | Reached skill level 1 in Shields
  7119 | D:10     | Found a staircase to the Lair.
  7530 | D:10     | Paralysed by a hornet for 2 turns
  7814 | D:11     | Noticed Grum
  7828 | D:11     | Killed Grum
  8127 | D:11     | Noticed a green ugly thing
  8140 | D:11     | Killed a green ugly thing
  8177 | D:11     | Noticed a five-headed hydra
  8180 | D:11     | Noticed Urug
  8256 | D:11     | Noticed a cyan ugly thing
  8267 | D:11     | Killed a cyan ugly thing
  8276 | D:11     | Found a runed translucent gate.
  8276 | D:11     | Found a runed translucent gate.
  8276 | D:11     | Found a runed translucent gate.
  8277 | D:11     | Noticed Taxman66's ghost (journeyman HOFi)
  8461 | D:11     | Found a blossoming altar of Fedhas.
  8546 | D:11     | Killed a five-headed hydra
  8546 | D:11     | Received a gift from Okawaru
  8546 | D:11     | Reached skill level 5 in Shields
  8547 | D:11     | Found the +15 Maxwell's patent armour {-Cast -Tele rElec
                  | MR+ rCorr}
  8639 | D:11     | Killed Urug
  8778 | D:12     | Found a staircase to the Orcish Mines.
  8894 | D:12     | Noticed Frances
  8906 | D:12     | Noticed a sixfirhy
  8908 | D:12     | Noticed a sun demon
  8911 | D:12     | Noticed a deep elf mage
  8917 | D:12     | Killed a deep elf mage
  9094 | D:9      | Bought a tubular peridot ring for 165 gold pieces
  9173 | Lair:1   | Entered Level 1 of the Lair of Beasts
  9280 | Lair:1   | Reached XP level 12. HP: 106/115 MP: 11/11
  9516 | Lair:1   | Noticed a seven-headed hydra
  9544 | Lair:1   | Killed a seven-headed hydra
  9544 | Lair:1   | Reached skill level 10 in Fighting
 10190 | Lair:2   | Found a staircase to the Snake Pit.
 10216 | Lair:2   | Noticed an eight-headed hydra
 10228 | Lair:2   | Killed an eight-headed hydra
 10264 | Lair:2   | Received a gift from Okawaru
 10294 | Lair:2   | Identified the +5 scale mail "Funeklypp" {rC++} (Okawaru
                  | gifted it to you on level 2 of the Lair of Beasts)
 10382 | Lair:2   | Found a staircase to the Swamp.
 10570 | Lair:2   | Noticed Harold
 10581 | Lair:2   | Killed Harold
 10581 | Lair:2   | Reached skill level 10 in Shields
 10597 | Lair:2   | Lost mutation: You tend to lose your temper in combat.
                  | [potion of mutation]
 10597 | Lair:2   | Lost mutation: You can translocate small distances at will.
                  | [potion of mutation]
 10597 | Lair:2   | Gained mutation: You passively map a small area around you.
                  | [potion of mutation]
 11065 | Lair:3   | Noticed a catoblepas
 11309 | Lair:3   | Noticed Fannar
 11409 | Lair:3   | Killed a catoblepas
 11475 | Lair:3   | Reached XP level 13. HP: 129/129 MP: 12/12
 11531 | Lair:3   | Killed Fannar
 12162 | Lair:4   | Reached ****** piety under Okawaru
 12166 | Lair:4   | Received a gift from Okawaru
 12804 | Lair:5   | Received a gift from Okawaru
 12813 | Lair:5   | Got a pair of heavily runed gloves {god gift}
 12819 | Lair:5   | Identified the +0 pair of gloves of the Evening Star {Dex+3
                  | Slay+2} (Okawaru gifted it to you on level 5 of the Lair of
                  | Beasts)
 13154 | Lair:5   | Found a staircase to the Slime Pits.
 13154 | Lair:5   | Found a viscous altar of Jiyva.
 13703 | Lair:6   | Entered Level 6 of the Lair of Beasts
 13981 | Lair:6   | Reached XP level 14. HP: 135/145 MP: 13/13
 13983 | Lair:6   | Found the +1 cloak of Starlight {rElec rC+ EV+4 Stlth--}
 14046 | Lair:6   | Received a gift from Okawaru
 14119 | Lair:6   | Noticed Sonja
 14125 | Lair:6   | Killed Sonja
 14421 | Lair:6   | Reached skill level 15 in Fighting
 14572 | Lair:6   | Received a gift from Okawaru
 14616 | Lair:6   | Found a large runed translucent door.
 14617 | Lair:6   | Found a large runed translucent door.
 15281 | D:12     | Killed Frances
 15281 | D:12     | Reached skill level 1 in Invocations
 16117 | D:13     | Found a gate to the Vaults.
 16117 | D:13     | Noticed Nessos
 16470 | D:13     | Received a gift from Okawaru
 16514 | D:13     | Received a gift from Okawaru
 16527 | D:13     | Reached XP level 15. HP: 149/157 MP: 16/16
 17290 | D:14     | Received a gift from Okawaru
 17293 | D:14     | Identified the -4 hat of Pitayr {+Inv Str+4} (Okawaru
                  | gifted it to you on level 14 of the Dungeon)
 17309 | D:14     | Reached skill level 5 in Invocations
 17388 | D:14     | Noticed a frost giant
 17408 | D:14     | Killed a frost giant
 17419 | D:14     | Noticed a fire giant
 17436 | D:14     | Killed a fire giant
 17959 | D:15     | Entered Level 15 of the Dungeon
 17967 | D:15     | Reached skill level 15 in Armour
 18277 | D:15     | Found a shattered altar of Ashenzari.
 18459 | D:15     | Reached skill level 15 in Shields
 18462 | D:15     | Found a staircase to the Depths.
 18699 | Orc:1    | Entered Level 1 of the Orcish Mines
 18764 | Orc:1    | You fall through a shaft!
 18764 | Orc:2    | Entered Level 2 of the Orcish Mines
 18779 | Orc:2    | Found a staircase to the Elven Halls.
 18796 | Orc:2    | Received a gift from Okawaru
 18979 | Orc:2    | Found a burning altar of Makhleb.
 19002 | Orc:2    | Found Joahiat's Antique Armour Boutique.
 19189 | Orc:1    | Found Sixackam's Jewellery Shoppe.
 19367 | Orc:2    | Reached XP level 16. HP: 158/170 MP: 20/20
 20225 | Orc:2    | Found Miorar's General Store.
 20227 | Orc:2    | Found Qipsonugimp's Distillery.
 20290 | Orc:2    | Bought a potion of mutation for 128 gold pieces
 20290 | Orc:2    | Bought a scroll of magic mapping for 56 gold pieces
 20292 | Orc:2    | Bought a potion of curing for 45 gold pieces
 20292 | Orc:2    | Bought a potion of heal wounds for 75 gold pieces
 20292 | Orc:2    | Bought a potion of heal wounds for 75 gold pieces
 20292 | Orc:2    | Bought 2 potions of heal wounds for 150 gold pieces
 20292 | Orc:2    | Bought a potion of heal wounds for 75 gold pieces
 20292 | Orc:2    | Bought a potion of might for 60 gold pieces
 20292 | Orc:2    | Bought a potion of mutation for 120 gold pieces
 20846 | Orc:2    | Found Saeth's Gadget Boutique.
 20846 | Orc:2    | Found Migipp's Antique Weapon Shop.
 20853 | Orc:2    | Found a one-way gate leading to the halls of Pandemonium.
 21618 | D:9      | Bought a pair of slimy boots for 209 gold pieces
 21628 | D:9      | Identified the cursed +0 pair of boots of Jeirunniuxa
                  | {*Contam rN+ Int+4} (You bought it in a shop on level 9 of
                  | the Dungeon)
 21847 | Swamp:1  | Entered Level 1 of the Swamp
 21910 | Swamp:1  | Reached skill level 1 in Maces & Flails
 21940 | Swamp:1  | Found an ornate altar of the Wu Jian Council.
 21945 | Swamp:1  | Received a gift from Okawaru
 23583 | Swamp:3  | Noticed a thorn hunter
 23599 | Swamp:3  | Killed a thorn hunter
 23731 | Swamp:3  | Reached skill level 5 in Dodging
 23903 | Swamp:3  | Noticed Mara
 24026 | Swamp:3  | Killed Mara
 24026 | Swamp:3  | Received a gift from Okawaru
 24026 | Swamp:3  | Received a gift from Okawaru
 24026 | Swamp:3  | Reached skill level 10 in Invocations
 24253 | Swamp:4  | Entered Level 4 of the Swamp
 24417 | Snake:1  | Entered Level 1 of the Snake Pit
 24468 | Snake:1  | Found a runed translucent door.
 24486 | Snake:1  | Reached XP level 17. HP: 182/182 MP: 23/23
 24701 | Snake:1  | You fall through a shaft!
 25425 | Snake:1  | Noticed Akuuror's ghost (adept GrFi)
 25448 | Snake:1  | Killed Akuuror's ghost
 25786 | Snake:2  | Noticed Vashnia
 25998 | Snake:2  | Received a gift from Okawaru
 26170 | Snake:2  | Received a gift from Okawaru
 26368 | Snake:2  | Killed Vashnia
 27012 | Snake:3  | Received a gift from Okawaru
 27347 | Snake:3  | Received a gift from Okawaru
 27361 | Snake:3  | Reached XP level 18. HP: 155/195 MP: 26/26
 27865 | Snake:4  | Entered Level 4 of the Snake Pit
 28201 | Swamp:4  | Noticed Bai Suzhen
 28399 | Swamp:3  | Received a gift from Okawaru
 28520 | Swamp:3  | Killed Bai Suzhen
 28696 | Swamp:4  | Got a decaying rune of Zot
 29260 | Snake:4  | Noticed Aizul
 29266 | Snake:4  | Noticed Kirke
 29283 | Snake:4  | Killed Kirke
 29287 | Snake:4  | Killed Aizul
 29541 | Snake:4  | Found an iron altar of Okawaru.
 29695 | Snake:4  | Received a gift from Okawaru
 29702 | Snake:4  | Identified a +0 pair of boots of running (Okawaru gifted it
                  | to you on level 4 of the Snake Pit)
 30750 | Snake:4  | Got a serpentine rune of Zot
 31375 | Vaults:1 | Entered Level 1 of the Vaults
 31391 | Vaults:1 | Reached XP level 19. HP: 207/207 MP: 27/27
 31680 | Vaults:1 | Received a gift from Okawaru
 31680 | Vaults:1 | Reached skill level 10 in Dodging
 31683 | Vaults:1 | Identified the +6 morningstar of Sloth {crush, Int+4}
                  | (Okawaru gifted it to you on level 1 of the Vaults)
 32687 | Vaults:2 | Received a gift from Okawaru
 32845 | Vaults:2 | Found Ogoe's Distillery.
 32856 | Vaults:2 | Bought a potion of berserk rage for 65 gold pieces
 32856 | Vaults:2 | Bought a potion of heal wounds for 65 gold pieces
 32856 | Vaults:2 | Bought a potion of curing for 39 gold pieces
 32856 | Vaults:2 | Bought 2 potions of heal wounds for 130 gold pieces
 32856 | Vaults:2 | Bought a potion of might for 52 gold pieces
 32856 | Vaults:2 | Bought a potion of curing for 39 gold pieces
 32856 | Vaults:2 | Bought 2 potions of heal wounds for 130 gold pieces
 32935 | Vaults:2 | Received a gift from Okawaru
 33209 | Vaults:2 | Identified the ring "Ulo Fichuwy" {rPois AC+2}
 33217 | Vaults:2 | Reached XP level 20. HP: 163/221 MP: 29/29
 33411 | Vaults:2 | Identified the amulet of the Ant {Reflect rC+ MR+ SH+4}
 33675 | Vaults:2 | Found a staircase to the Crypt.
 33698 | Vaults:2 | Received a gift from Okawaru
 33757 | Vaults:2 | Found Hour's Jewellery Shop.
 33895 | Vaults:2 | Found a runed translucent gate.
 33908 | Vaults:2 | Received a gift from Okawaru
 33912 | Vaults:2 | Found a runed translucent gate.
 33913 | Vaults:2 | Found a runed translucent gate.
 33914 | Vaults:2 | Noticed Xafer's ghost (adept DsGl)
 33915 | Vaults:2 | Identified the +4 great mace "Popsaec" {pain, rElec rC-
                  | MR+}
 34242 | Vaults:2 | Found a roughly hewn altar of Beogh.
 34411 | Vaults:3 | Noticed Xtahua
 34438 | Vaults:3 | Killed Xtahua
 34452 | Vaults:3 | Received a gift from Okawaru
 34594 | Vaults:3 | Received a gift from Okawaru
 35680 | Vaults:4 | Found a ruined gateway.
 35748 | Vaults:4 | Received a gift from Okawaru
 35758 | Vaults:4 | Identified the +6 plate armour of Mezcal {rElec rC+ rN+
                  | Str+3} (Okawaru gifted it to you on level 4 of the Vaults)
 36432 | Vaults:4 | Noticed Frederick
 36441 | Vaults:4 | Killed Frederick
 36503 | Vaults:4 | Noticed Jory
 36503 | Vaults:4 | Noticed Boris
 36505 | Vaults:4 | Reached XP level 21. HP: 231/233 MP: 31/31
 36520 | Vaults:4 | Killed Boris
 36531 | Vaults:4 | Killed Jory
 37067 | Vaults:4 | Reached skill level 15 in Invocations
 37463 | Depths:1 | Entered Level 1 of the Depths
 37472 | Depths:1 | Received a gift from Okawaru
 37822 | Depths:1 | Got a twitching iron ring
 37823 | Depths:1 | Identified the ring "Pasanlok" {MP+9 Str+3 Int+2} (You
                  | found it on level 1 of the Depths)
 37954 | Depths:1 | Noticed Asterion
 37957 | Depths:1 | Noticed a juggernaut
 38120 | D:15     | Killed a juggernaut
 38134 | Depths:1 | Gained mutation: Your magical capacity is low. (-10% MP) [a
                  | cacodemon]
 38151 | D:15     | Killed Asterion
 38371 | Depths:1 | Found a gateway to Hell.
 38594 | Depths:1 | Received a gift from Okawaru
 38597 | Depths:1 | Identified the +0 chain mail of the Voivode {rF+ rC+ MR+}
                  | (Okawaru gifted it to you on level 1 of the Depths)
 38902 | Depths:2 | Reached XP level 22. HP: 248/248 MP: 28/28
 39705 | Depths:2 | Received a gift from Okawaru
 39925 | Depths:3 | Found Bimuniu's Antique Armour Boutique.
 39964 | Depths:3 | Reached skill level 15 in Dodging
 39982 | Depths:3 | Received a gift from Okawaru
 40002 | Depths:3 | Bought an ancient cloak for 323 gold pieces
 40002 | Depths:3 | Identified the +0 cloak of Past Mistakes {rC+ MR+} (You
                  | bought it in a shop on level 3 of the Depths)
 40074 | Depths:3 | Found a runed translucent door.
 40075 | Depths:3 | Noticed Caat Rau's ghost (adept DgCj)
 40107 | Depths:3 | Killed Caat Rau's ghost
 40201 | Depths:3 | Noticed Saint Roka
 40219 | Depths:3 | Killed Saint Roka
 40260 | Depths:3 | Got a sparkling emerald amulet
 40261 | Depths:3 | Identified the amulet "Weitriara" {Reflect rElec rF- MR+++
                  | SH+4 Stlth+} (You found it on level 3 of the Depths)
 40646 | Depths:3 | Noticed a golden dragon
 40646 | Depths:3 | Noticed a juggernaut
 40672 | Depths:3 | Killed a juggernaut
 40680 | Depths:3 | Killed a golden dragon
 40813 | Depths:3 | Noticed a caustic shrike
 40819 | Depths:3 | Noticed a golden dragon
 40835 | Depths:3 | Reached XP level 23. HP: 258/261 MP: 25/29
 40846 | Depths:3 | Killed a caustic shrike
 40892 | Depths:3 | Received a gift from Okawaru
 40985 | Depths:3 | Identified the +7 morningstar of Jeleytabuf {protect, MR+
                  | MP-9 Dex+4 SInv} (You found it on level 3 of the Depths)
 41005 | Depths:3 | Identified the Tome of Shifting Intoxication
 41307 | Depths:4 | Reached skill level 27 in Fighting
 41373 | Depths:4 | Received a gift from Okawaru
 41823 | Depths:4 | Found a gateway to a ziggurat.
 41884 | Depths:4 | Identified the +5 plate armour of Negation {Dex+4} (You
                  | found it on level 4 of the Depths)
 41992 | Depths:4 | Identified the +8 morningstar "Qybit" {venom, MR+ SInv}
                  | (You found it on level 4 of the Depths)
 42479 | Depths:4 | Got a twitching copper ring
 42480 | Depths:4 | Identified the ring of Ecikubica {*Tele rC++} (You found it
                  | on level 4 of the Depths)
 42587 | Depths:4 | Found a one-way gate to the infinite horrors of the Abyss.
 42595 | Depths:4 | Found the +8 demon trident "Rift" {distort, reach+}
 42655 | Depths:5 | Entered Level 5 of the Depths
 42662 | Depths:5 | Received a gift from Okawaru
 42717 | Depths:5 | Identified Wufosioh's Volume of the Dusty Glacier
 43074 | Depths:5 | Reached XP level 24. HP: 248/273 MP: 29/29
 43741 | Depths:5 | Found a runed translucent door.
 43744 | Depths:5 | Found a runed translucent door.
 43899 | Depths:5 | Found a runed translucent door.
 43902 | Depths:5 | Found a runed translucent door.
 43913 | Depths:5 | Found a runed translucent door.
 43983 | Depths:5 | Found a runed translucent door.
 44035 | Depths:5 | Received a gift from Okawaru
 44038 | Depths:5 | Identified the +2 cloak "Anufem" {Str-4 Int+8 Slay-5}
                  | (Okawaru gifted it to you on level 5 of the Depths)
 44120 | Depths:5 | Found a gate to the Realm of Zot.
 44651 | Vaults:5 | Entered Level 5 of the Vaults
 44652 | Vaults:5 | Noticed an ancient lich
 44707 | Vaults:4 | Killed an ancient lich
 45099 | Vaults:5 | Identified the ring of the Coward {rN+ MR+ Str+2 Dex+2}
 45107 | Vaults:5 | Received a gift from Okawaru
 45315 | Vaults:5 | Identified the cursed +3 mace of the Spheres {distort,
                  | +Blink rPois Int+3 Stlth+}
 45315 | Vaults:5 | Noticed Boris
 45315 | Vaults:5 | Noticed an ancient lich
 45521 | Vaults:4 | Killed an ancient lich
 45641 | Vaults:5 | Reached XP level 25. HP: 259/282 MP: 30/30
 45692 | Vaults:5 | Identified the +6 long sword of Arrival {drain, rElec
                  | Int+6}
 45708 | Vaults:5 | Received a gift from Okawaru
 45726 | Vaults:5 | Noticed Sojobo
 45737 | Vaults:5 | Noticed an ancient lich
 46144 | Vaults:4 | Killed Boris
 46538 | Vaults:5 | Killed Sojobo
 46604 | Vaults:5 | Got a silver rune of Zot
 46950 | Vaults:5 | Identified A Primer on Witchery
 46981 | Vaults:5 | Killed an ancient lich
 47572 | Elf:1    | Entered Level 1 of the Elven Halls
 47633 | Elf:1    | Received a gift from Okawaru
 48250 | Elf:2    | Found Zaicakeph's Gadget Boutique.
 48549 | Elf:2    | Found a runed translucent gate.
 48549 | Elf:2    | Found a runed translucent gate.
 48550 | Elf:2    | Found a runed translucent gate.
 49082 | Elf:3    | Entered Level 3 of the Elven Halls
 49282 | Elf:3    | Found Lodd's Food Shoppe.
 49674 | Elf:3    | Identified the cursed +0 halberd of the Spider Nest {chop,
                  | Fragile rF+ Stlth+}
 49830 | Elf:3    | Identified the +9 flail "Asiycesm" {flame, rPois rF+++ MR-
                  | Int-5}
 49895 | Elf:3    | Reached XP level 26. HP: 292/292 MP: 31/31
 49981 | Elf:3    | Received a gift from Okawaru
 50195 | Elf:3    | Got a shimmering diamond amulet
 50202 | Elf:3    | Identified the amulet "Uham" {Spirit rElec rF+ Dex-2
                  | Slay+3} (You found it on level 3 of the Elven Halls)
 50214 | Elf:3    | Got a clouded brass amulet
 50215 | Elf:3    | Identified the amulet of Uqomm {Reflect Dex+2 SH+4} (You
                  | found it on level 3 of the Elven Halls)
 50239 | Elf:3    | Found the ring of Phasing {EV+8}
 50285 | Elf:3    | Identified the Collected Works on Companions and Snow
 50304 | Elf:3    | Identified the cursed +2 broad axe of Fucifesi {antimagic,
                  | +Fly rPois MR+ Str+4} (You found it on level 3 of the Elven
                  | Halls)
 50528 | D:13     | Killed Nessos
 50659 | Depths:3 | Identified the +6 broad axe "Tuzinke" {speed, SInv}
                  | (Okawaru gifted it to you on level 3 of the Depths)
 51273 | Vaults:2 | Reached skill level 27 in Armour
 51319 | Vaults:2 | Killed Xafer's ghost
 51364 | Vaults:2 | Got a crude bronze amulet
 51365 | Vaults:2 | Identified the amulet "Qodely" {Inacc rF++ rN+ MR-} (You
                  | found it on level 2 of the Vaults)
 51502 | D:11     | Killed Taxman66's ghost
 52349 | Depths:4 | Voluntarily entered the Abyss.
 52531 | Abyss:1  | Noticed an ancient lich
 52547 | Abyss:1  | Killed an ancient lich
 53382 | Abyss:2  | Received a gift from Okawaru
 53747 | Abyss:2  | Received a gift from Okawaru
 53750 | Abyss:2  | Identified the +0 cloak "Femyat" {+Inv rN+ Str-4 Dex+3}
                  | (Okawaru gifted it to you on level 2 of the Abyss)
 54354 | Abyss:3  | Lost intelligence.
 54441 | Abyss:3  | Paralysed by accursed screaming for 1 turns
 54500 | Abyss:3  | Found a shadowy altar of Dithmenos.
 54623 | Abyss:3  | Lost intelligence.
 54634 | Abyss:3  | Paralysed by accursed screaming for 1 turns
 54659 | Abyss:3  | Paralysed by accursed screaming for 1 turns
 54691 | Abyss:3  | Lost intelligence.
 54855 | Abyss:3  | Gained mutation: Your spells are a little easier to cast,
                  | but a little less powerful. [a shining eye]
 54858 | Abyss:3  | Gained mutation: Your body sometimes deteriorates upon
                  | taking damage. [a shining eye]
 54915 | Abyss:3  | Reached XP level 27. HP: 269/300 MP: 32/32
 55147 | Abyss:3  | Received a gift from Okawaru
 55152 | Abyss:3  | Paralysed by accursed screaming for 2 turns
 55330 | Abyss:3  | Reached skill level 1 in Evocations
 55372 | Abyss:3  | Paralysed by accursed screaming for 2 turns
 55379 | Abyss:3  | Received a gift from Okawaru
 56002 | Depths:4 | Escaped the Abyss
 56377 | Depths:5 | Lost mutation: Your magical capacity is low. (-10% MP)
                  | [potion of mutation]
 56377 | Depths:5 | Lost mutation: You are robust. (+10% HP) [potion of
                  | mutation]
 56377 | Depths:5 | Lost mutation: You are agile. (Dex +2) [potion of mutation]
 56377 | Depths:5 | Gained mutation: Your spells are easier to cast, but less
                  | powerful. [potion of mutation]
 56377 | Depths:5 | Gained mutation: Your flesh is cold resistant. (rC+)
                  | [potion of mutation]
 56377 | Depths:5 | Gained mutation: You are somewhat resistant to further
                  | mutation. [potion of mutation]
 56378 | Depths:5 | Lost mutation: Your flesh is cold resistant. (rC+) [potion
                  | of mutation]
 56378 | Depths:5 | Lost mutation: Your body sometimes deteriorates upon taking
                  | damage. [potion of mutation]
 56378 | Depths:5 | Lost mutation: You are somewhat resistant to further
                  | mutation. [potion of mutation]
 56378 | Depths:5 | Gained mutation: Your mind is acute. (Int +2) [potion of
                  | mutation]
 56378 | Depths:5 | Gained mutation: Your flesh is cold resistant. (rC+)
                  | [potion of mutation]
 56394 | Zot:1    | Entered Level 1 of the Realm of Zot
 56560 | Zot:1    | Noticed an ancient lich
 56941 | Orc:2    | Bought a scroll of enchant armour for 120 gold pieces
 57095 | D:9      | Bought 2 potions of might for 264 gold pieces
 57095 | D:9      | Bought a scroll of enchant weapon for 247 gold pieces
 57095 | D:9      | Bought a scroll of enchant armour for 247 gold pieces
 57095 | D:9      | Bought a scroll of enchant weapon for 247 gold pieces
 57624 | Depths:4 | Voluntarily entered the Abyss.
 57671 | Abyss:1  | Received a gift from Okawaru
 57686 | Abyss:1  | Paralysed by accursed screaming for 1 turns
 57709 | Abyss:1  | Reached skill level 5 in Evocations
 57810 | Abyss:1  | Noticed a juggernaut
 57857 | Abyss:1  | Killed a juggernaut
 58185 | Abyss:1  | Gained mutation: You occasionally shout uncontrollably at
                  | your foes. [a neqoxec]
 58587 | Abyss:3  | Found an iron altar of Okawaru.
 58937 | Abyss:4  | Found a corrupted altar of Lugonu.
 59123 | Abyss:4  | Received a gift from Okawaru
 59406 | Abyss:4  | Noticed an ancient lich
 59426 | Abyss:4  | Killed an ancient lich
 59533 | Abyss:4  | Found a corrupted altar of Lugonu.
 59550 | Abyss:4  | Received a gift from Okawaru
 59559 | Abyss:4  | Got an abyssal rune of Zot
 59659 | Abyss:4  | Gained mutation: You sometimes yell uncontrollably at your
                  | foes. [a neqoxec]
 59839 | Depths:4 | Escaped the Abyss
 60518 | Slime:1  | Entered Level 1 of the Pits of Slime
 60524 | Slime:1  | Received a gift from Okawaru
 60550 | Slime:1  | Identified the +7 trident "Zexua" {protect, rC- Str+2
                  | Dex+3} (Okawaru gifted it to you on level 1 of the Pits of
                  | Slime)
 60959 | Slime:5  | Entered Level 5 of the Pits of Slime
 61033 | Slime:4  | Gained mutation: Your spells are much easier to cast, but
                  | much less powerful. [a shining eye]
 61111 | Slime:4  | Received a gift from Okawaru
 61200 | Slime:5  | Gained mutation: Armour fits poorly on your strangely
                  | shaped body. [a shining eye]
 61323 | Slime:5  | Noticed the Royal Jelly
 61348 | Slime:5  | Killed the Royal Jelly
 61386 | Slime:5  | Found the ring of Robustness {AC+8}
 61418 | Slime:5  | Identified the Papyrus of Creative Confrontation
 61441 | Slime:5  | Identified the Tome of Creative Air
 61487 | Slime:5  | Identified the +5 morningstar of the Warrior-Mage {pain,
                  | rElec rC+ Int+3} (You found it on level 5 of the Pits of
                  | Slime)
 61500 | Slime:5  | Identified the Compendium of Salt
 61517 | Slime:5  | Got a slimy rune of Zot
 61532 | Slime:5  | Gained mutation: Your mind is very acute. (Int +4) [a
                  | shining eye]
 61533 | Slime:5  | Gained mutation: You are weak. (Str -2) [a shining eye]
 61573 | Slime:5  | Gained mutation: You are frail. (-10% HP) [a shining eye]
 61575 | Slime:5  | Lost mutation: Your mind is very acute. (Int +4) [a shining
                  | eye]
 62621 | Slime:2  | Reached skill level 10 in Evocations
 63123 | Slime:1  | Received a gift from Okawaru
 63126 | Slime:1  | Identified the +1 battleaxe of Bodily Humours {elec, Int+6}
                  | (Okawaru gifted it to you on level 1 of the Pits of Slime)
 64151 | Crypt:1  | Entered Level 1 of the Crypt
 64763 | Crypt:1  | Noticed Boris
 64779 | Crypt:1  | Killed Boris
 64839 | Crypt:1  | Noticed a greater mummy
 65388 | Crypt:1  | Killed a greater mummy
 65457 | Crypt:1  | Noticed Khufu
 65471 | Crypt:1  | Killed Khufu
 65681 | Crypt:2  | Received a gift from Okawaru
 65696 | Crypt:2  | Identified the +1 crystal plate armour of Generosity {rC+
                  | MR+} (Okawaru gifted it to you on level 2 of the Crypt)
 66810 | Crypt:3  | Entered Level 3 of the Crypt
 66865 | Crypt:3  | Found a basalt altar of Yredelemnul.
 67532 | Crypt:3  | Found a staircase to the Tomb.
 68060 | Crypt:3  | Noticed a greater mummy
 68147 | Crypt:3  | Killed a greater mummy
 68996 | Crypt:3  | Reached skill level 27 in Dodging
 69537 | Crypt:3  | Identified the Catalogue of Earthen Good Luck
 69544 | Crypt:3  | Identified the Tome of Creative Changing
 69557 | Crypt:3  | Identified the Almanac of Necromancy
 69572 | Crypt:3  | Lost mutation: You are frail. (-10% HP) [potion of
                  | mutation]
 69572 | Crypt:3  | Lost mutation: Your mind is acute. (Int +2) [potion of
                  | mutation]
 69572 | Crypt:3  | Gained mutation: Your movements are slightly less
                  | encumbered by armour. (ER -2) [potion of mutation]
 69572 | Crypt:3  | Gained mutation: Your natural rate of healing is unusually
                  | fast. [potion of mutation]
 69573 | Crypt:3  | Lost mutation: You sometimes yell uncontrollably at your
                  | foes. [potion of mutation]
 69573 | Crypt:3  | Lost mutation: Your natural rate of healing is unusually
                  | fast. [potion of mutation]
 69573 | Crypt:3  | Lost mutation: Armour fits poorly on your strangely shaped
                  | body. [potion of mutation]
 69573 | Crypt:3  | Lost mutation: You are weak. (Str -2) [potion of mutation]
 69573 | Crypt:3  | Gained mutation: You are partially covered in icy blue
                  | scales. (AC +2) [potion of mutation]
 69573 | Crypt:3  | Gained mutation: Your muscles are strong. (Str +2) [potion
                  | of mutation]
 69574 | Crypt:3  | Lost mutation: Your flesh is cold resistant. (rC+) [potion
                  | of mutation]
 69574 | Crypt:3  | Lost mutation: You occasionally shout uncontrollably at
                  | your foes. [potion of mutation]
 69574 | Crypt:3  | Lost mutation: Your spells are much easier to cast, but
                  | much less powerful. [potion of mutation]
 69574 | Crypt:3  | Gained mutation: Your flesh is cold resistant. (rC+)
                  | [potion of mutation]
 69574 | Crypt:3  | Gained mutation: Your flesh is very cold resistant. (rC++)
                  | [potion of mutation]
 70054 | Zot:1    | Killed an ancient lich
 70054 | Zot:1    | Received a gift from Okawaru
 70160 | Zot:1    | Received a gift from Okawaru
 70174 | Zot:1    | Identified the +0 hat of the Barber Surgeon {Regen+ Dex+3
                  | Slay+4} (Okawaru gifted it to you on level 1 of the Realm
                  | of Zot)
 70486 | Zot:1    | Reached skill level 1 in Stealth
 71691 | Zot:2    | Received a gift from Okawaru
 71825 | Zot:2    | Found a runed translucent door.
 71829 | Zot:2    | Found a shimmering altar of Xom.
 71829 | Zot:2    | Noticed Ussiog's ghost (veteran MiMo)
 71954 | Zot:2    | Reached skill level 5 in Stealth
 72165 | Zot:3    | Received a gift from Okawaru
 73944 | Zot:5    | Entered Level 5 of the Realm of Zot
 73991 | Zot:5    | Received a gift from Okawaru
 74010 | Zot:5    | Identified the +5 crystal plate armour "Wazusus" {rC+}
                  | (Okawaru gifted it to you on level 5 of the Realm of Zot)
 74311 | Zot:5    | Reached skill level 15 in Evocations
 74420 | Zot:5    | Noticed an ancient lich
 74450 | Zot:5    | Killed an ancient lich
 74482 | Zot:5    | Noticed an ancient lich
 74505 | Zot:5    | Killed an ancient lich
 74594 | Zot:5    | Noticed an orb of fire
 74612 | Zot:5    | Killed an orb of fire
 74629 | Zot:5    | Noticed an orb of fire
 74647 | Zot:5    | Killed an orb of fire
 74648 | Zot:5    | Reached skill level 10 in Stealth
 74649 | Zot:5    | Noticed an orb of fire
 74659 | Zot:5    | Killed an orb of fire
 74664 | Zot:5    | Received a gift from Okawaru
 74787 | Zot:5    | Noticed an ancient lich
 74820 | Zot:5    | Killed an ancient lich
 74850 | Zot:5    | Noticed an orb of fire
 74862 | Zot:5    | Gained mutation: You are frail. (-10% HP) [an orb of fire]
 74877 | Zot:5    | Killed an orb of fire
 74947 | Zot:5    | Noticed an ancient lich
 74957 | Zot:5    | Killed an ancient lich
 74976 | Zot:5    | Gained mutation: You tend to lose your temper in combat.
                  | [mutagenic glow]
 75236 | Zot:5    | Lost mutation: Your muscles are strong. (Str +2) [potion of
                  | mutation]
 75236 | Zot:5    | Lost mutation: You are frail. (-10% HP) [potion of
                  | mutation]
 75236 | Zot:5    | Lost mutation: You tend to lose your temper in combat.
                  | [potion of mutation]
 75236 | Zot:5    | Lost mutation: Your flesh is very cold resistant. (rC++)
                  | [potion of mutation]
 75236 | Zot:5    | Gained mutation: Your body sometimes deteriorates upon
                  | taking damage. [potion of mutation]
 75236 | Zot:5    | Gained mutation: Your flesh is heat resistant. (rF+)
                  | [potion of mutation]
 75237 | Zot:5    | Lost mutation: Your flesh is heat resistant. (rF+) [potion
                  | of mutation]
 75237 | Zot:5    | Lost mutation: Your body sometimes deteriorates upon taking
                  | damage. [potion of mutation]
 75237 | Zot:5    | Lost mutation: You passively map a small area around you.
                  | [potion of mutation]
 75237 | Zot:5    | Lost mutation: Your spells are easier to cast, but less
                  | powerful. [potion of mutation]
 75237 | Zot:5    | Gained mutation: You have large cloven feet. [potion of
                  | mutation]
 75237 | Zot:5    | Gained mutation: Your flesh is very cold resistant. (rC++)
                  | [potion of mutation]
 75243 | Zot:5    | Got the Orb of Zot
 75820 | D:8      | Received a gift from Okawaru
 75824 | D:8      | Noticed a seraph
 75844 | D:8      | Killed a seraph
 75933 | D:4      | Noticed Keuz the pandemonium lord
 75943 | D:3      | Received a gift from Okawaru
 76098 | D:$      | Escaped with the Orb!

Skill      XL: |  1  2  3  4  5  6  7  8  9 10 11 12 13 14 15 16 17 18 19 20 21 22 23 24 25 26 27 |
---------------+----------------------------------------------------------------------------------+-----
Axes           | 4 5 6 7 8 9 11 14 15 16 17 18 | 18.0
Armour         | 1 2 3 4 5 7 9 10 11 12 13 14 15 16 17 18 19 20 21 23 24 26 27 | 27.0
Fighting       | 6 9 12 14 15 17 18 19 21 22 23 25 26 27 | 27.0
Shields        | 6 10 12 14 15 | 15.0
Invocations    | 3 7 10 12 13 14 15 16 17 19 25 | 25.3
Maces & Flails | 1 |  1.0
Dodging        | 5 7 9 11 12 14 15 17 18 20 22 27 | 27.0
Evocations     | 17 | 17.0
Stealth        | 12 | 12.2
Throwing       | |  2.0

Action                   |  1- 3 |  4- 6 |  7- 9 | 10-12 | 13-15 | 16-18 | 19-21 | 22-24 | 25-27 || total
-------------------------+-------+-------+-------+-------+-------+-------+-------+-------+-------++-------
Melee: War axe           |    92 |    92 |   281 |   603 |   470 |       |       |       |       ||  1538
       Headbutt          |     9 |    21 |    68 |   152 |   324 |   432 |   354 |   468 |  1833 ||  3661
       Punch             |       |       |     1 |       |       |       |       |       |       ||     1
       Morningstar       |       |       |       |    28 |    49 |       |       |       |       ||    77
       Broad axe         |       |       |       |       |   539 |  1230 |  1075 |  1357 |  4914 ||  9115
       Demon whip        |       |       |       |       |       |   224 |       |       |       ||   224
Throw: Stone             |     8 |     7 |       |       |       |       |       |       |       ||    15
       Throwing net      |     1 |       |       |       |       |       |       |       |       ||     1
       Tomahawk          |       |     3 |    10 |    26 |       |       |       |     4 |       ||    43
Invok: Heroism           |       |       |     4 |     1 |     5 |     2 |     1 |       |     1 ||    14
       Finesse           |       |       |       |     1 |     2 |     5 |     4 |     6 |    17 ||    35
Evoke: Wand              |       |       |       |     3 |       |       |       |     1 |     2 ||     6
  Use: Scroll            |       |    14 |     6 |     9 |    11 |    19 |    11 |    11 |    41 ||   122
       Potion            |       |       |     6 |     3 |     4 |     4 |       |     7 |    44 ||    68
 Stab: Petrified         |       |       |       |       |       |       |     5 |     4 |       ||     9
       Distracted        |       |       |       |       |       |       |       |     1 |     3 ||     4
       Petrifying        |       |       |       |       |       |       |       |     1 |       ||     1
  Eat: Chunk             |     1 |     5 |    11 |    18 |    18 |    15 |    18 |    10 |    24 ||   120
       Ration            |       |       |       |       |     2 |     7 |     2 |     3 |    24 ||    38
Armor: Leather armour    |     8 |       |       |       |       |       |       |       |       ||     8
       Scale mail        |    22 |    23 |    75 |     5 |   122 |    26 |       |       |       ||   273
       Chain mail        |       |       |    36 |    12 |       |       |       |       |       ||    48
       Plate armour      |       |       |       |   326 |   233 |   465 |   243 |   109 |       ||  1376
       Gold dragon scale |       |       |       |       |       |       |       |   303 |   800 ||  1103
Dodge: Dodged            |    43 |    48 |   113 |   135 |   335 |   588 |   408 |   577 |  1528 ||  3775
Block: Shield            |       |       |       |   221 |   541 |   971 |   770 |  1064 |  2682 ||  6249
       Reflection        |       |       |       |       |       |       |    84 |    72 |    82 ||   238
